TOP OF THE 1ST |
Clinton LumberKings batting - Pitching for Lexington Legends : LHP Anton Erlykov
|
Pitching: LHP Anton Erlykov
|
|
Batting: SHB Jose Castillo
|
0-0: Bunt for hit to 2L - play at first, batter OUT! 2-3
|
Batting: RHB Rick Ellis
|
0-0: Swinging Strike 0-1: Ball 1-1: Called Strike 1-2: Strikes out swinging
|
Batting: LHB Jason Hopkins
|
0-0: SINGLE (Groundball, 6D, EV 98.1 MPH)
|
Batting: RHB Josh Ruhl
|
0-0: Called Strike 0-1: Ball 1-1: Foul Ball, location: 2F 1-2: Ball Balk! Jason Hopkins to second 2-2: Ground out 6-3 (Groundball, 6, EV 103.1 MPH)
|
Top of the 1st over - 0 runs, 1 hit, 0 errors, 1 left on base; Clinton 0 - Lexington 0 |
BOTTOM OF THE 1ST |
Lexington Legends batting - Pitching for Clinton LumberKings : RHP Jake Underhill
|
Pitching: RHP Jake Underhill
|
|
Batting: RHB Danny Weisse
|
0-0: Ball 1-0: Foul Ball, location: 2F 1-1: Foul Ball, location: 2F 1-2: Ball 2-2: Strikes out looking
|
Batting: RHB Justin Bonner
|
0-0: Ball 1-0: Ball 2-0: Called Strike 2-1: Fly out, F8 (Line Drive, 8RD, EV 100.0 MPH)
|
Batting: RHB Kevin Roseen
|
0-0: Called Strike 0-1: SINGLE (Groundball, 34, EV 96.9 MPH)
|
Batting: SHB Jared O'Connor
|
0-0: Called Strike 0-1: Ball 1-1: Ground out 4-3 (Groundball, 4, EV 91.9 MPH)
|
Bottom of the 1st over - 0 runs, 1 hit, 0 errors, 1 left on base; Clinton 0 - Lexington 0 |
TOP OF THE 2ND |
Clinton LumberKings batting - Pitching for Lexington Legends : LHP Anton Erlykov
|
Batting: LHB Jawad Fahad
|
0-0: Called Strike 0-1: Called Strike 0-2: Ball 1-2: Ball 2-2: Ball 3-2: Base on Balls
|
Batting: RHB Joe Stading
|
0-0: Ball 1-0: Called Strike 1-1: Fly out, F7 (Flyball, 7LM, EV 106.2 MPH)
|
Batting: RHB Salvador Avina
|
0-0: Ball 1-0: Ball 2-0: Ball 3-0: Base on Balls Jawad Fahad to second
|
Batting: LHB Leão Alvide
|
0-0: Called Strike 0-1: Called Strike 0-2: Strikes out swinging
|
Batting: LHB Brian Butler
|
0-0: Called Strike 0-1: Foul Ball, location: 2F 0-2: DOUBLE (Flyball, 78D, EV 105.0 MPH) Jawad Fahad scores Salvador Avina to third Runner from 3rd tries for Home, SAFE, throw by LF to trailing runner, SAFE at third!
|
Pitching: LHP Cory Musial
|
|
Batting: SHB Jose Castillo
|
0-0: Ball Steal of home, Brian Butler is out
|
Top of the 2nd over - 2 runs, 1 hit, 0 errors, 0 left on base; Clinton 2 - Lexington 0 |
BOTTOM OF THE 2ND |
Lexington Legends batting - Pitching for Clinton LumberKings : RHP Jake Underhill
|
Batting: RHB Alex Cid
|
0-0: Ball 1-0: Ball 2-0: Called Strike 2-1: Foul Ball, location: 2F 2-2: Ground out 5-3 (Groundball, 56, EV 93.8 MPH)
|
Batting: RHB Josh Martin
|
0-0: Swinging Strike 0-1: Ball 1-1: Fly out, F8 (Flyball, 8RM, EV 88.1 MPH)
|
Batting: LHB Josh Moore
|
0-0: Ball 1-0: Foul Ball, location: 2F 1-1: Ball 2-1: Foul Ball, location: 2F 2-2: Fly out, F8 (Flyball, 8LD, EV 102.5 MPH)
|
Bottom of the 2nd over - 0 runs, 0 hits, 0 errors, 0 left on base; Clinton 2 - Lexington 0 |
TOP OF THE 3RD |
Clinton LumberKings batting - Pitching for Lexington Legends : LHP Cory Musial
|
Batting: SHB Jose Castillo
|
0-0: Ball 1-0: Ball 2-0: Fly out, F8 (Flyball, 8RM, EV 90.0 MPH)
|
Batting: RHB Rick Ellis
|
0-0: Called Strike 0-1: Ball 1-1: Ball 2-1: Ball 3-1: SOLO HOME RUN (Flyball, 78XD, EV 115.0 MPH), Distance : 436 ft
|
Batting: LHB Jason Hopkins
|
0-0: Foul Ball, location: 2F 0-1: Swinging Strike 0-2: Ball 1-2: Strikes out swinging
|
Batting: RHB Josh Ruhl
|
0-0: Swinging Strike 0-1: Called Strike 0-2: Ball 1-2: Foul Ball, location: 2F 1-2: Foul Ball, location: 2F 1-2: Ball 2-2: Strikes out swinging
|
Top of the 3rd over - 1 run, 1 hit, 0 errors, 0 left on base; Clinton 3 - Lexington 0 |
BOTTOM OF THE 3RD |
Lexington Legends batting - Pitching for Clinton LumberKings : RHP Jake Underhill
|
Batting: RHB Andy Urquhart
|
0-0: Ball 1-0: Called Strike 1-1: Swinging Strike 1-2: Foul Ball, location: 2F 1-2: Ball 2-2: Foul Ball, location: 2F 2-2: Foul Ball, location: 2F 2-2: Strikes out looking
|
Batting: SHB Jason Anaya
|
0-0: Hit by Pitch
|
Batting: RHB Danny Weisse
|
0-0: Ball 1-0: Foul Ball, location: 2F 1-1: Called Strike 1-2: Strikes out swinging
|
Batting: RHB Justin Bonner
|
0-0: Ball Jason Anaya steals 2nd base 1-0: Ball 2-0: Ball 3-0: Base on Balls
|
Batting: RHB Kevin Roseen
|
0-0: Swinging Strike 0-1: Ball 1-1: Ball 2-1: Ball 3-1: Base on Balls Jason Anaya to third Justin Bonner to second
|
Batting: SHB Jared O'Connor
|
Balk! Jason Anaya scores Justin Bonner to third Kevin Roseen to second 0-0: Foul Ball, location: 2F 0-1: Ball 1-1: Ball 2-1: Ground out 1-3 (Groundball, 13, EV 73.8 MPH)
|
Bottom of the 3rd over - 1 run, 0 hits, 0 errors, 2 left on base; Clinton 3 - Lexington 1 |
TOP OF THE 4TH |
Clinton LumberKings batting - Pitching for Lexington Legends : LHP Cory Musial
|
Batting: LHB Jawad Fahad
|
0-0: Swinging Strike 0-1: Ball 1-1: Called Strike 1-2: Foul Ball, location: 2F 1-2: Strikes out swinging
|
Batting: RHB Joe Stading
|
0-0: Foul Ball, location: 2F 0-1: Ball 1-1: Ball 2-1: SINGLE (Groundball, 3D, EV 106.9 MPH)
|
Pitching: RHP Austin Aubuchon
|
|
Batting: RHB Salvador Avina
|
0-0: SINGLE (Line Drive, 8RS, EV 95.6 MPH) Joe Stading to second Runner from 2nd tries for 3rd, SAFE, throw by CF made to third
|
Batting: LHB Leão Alvide
|
0-0: Called Strike 0-1: Grounds into double play, 4-6-3 (Groundball, 4, EV 82.5 MPH)
|
Top of the 4th over - 0 runs, 2 hits, 0 errors, 1 left on base; Clinton 3 - Lexington 1 |
BOTTOM OF THE 4TH |
Lexington Legends batting - Pitching for Clinton LumberKings : RHP Jake Underhill
|
Batting: RHB Alex Cid
|
0-0: Ball 1-0: Fly out, F8 (Flyball, 78XD, EV 88.8 MPH)
|
Batting: RHB Josh Martin
|
0-0: Swinging Strike 0-1: Ball 1-1: Ball 2-1: Ball 3-1: Base on Balls
|
Batting: LHB Josh Moore
|
0-0: Ball 1-0: Ball 2-0: Foul Ball, location: 2F 2-1: Foul Ball, location: 2F 2-2: Fly out, F7 (Flyball, 7LM, EV 87.5 MPH)
|
Batting: RHB Andy Urquhart
|
0-0: Foul Ball, location: 2F 0-1: Ball 1-1: Ball Josh Martin steals 2nd base 2-1: Ground out 1-3 (Groundball, 13, EV 63.1 MPH)
|
Bottom of the 4th over - 0 runs, 0 hits, 0 errors, 1 left on base; Clinton 3 - Lexington 1 |
TOP OF THE 5TH |
Clinton LumberKings batting - Pitching for Lexington Legends : RHP Austin Aubuchon
|
Batting: LHB Brian Butler
|
0-0: Ball 1-0: Ball 2-0: Called Strike 2-1: Ball 3-1: Base on Balls
|
Batting: SHB Jose Castillo
|
0-0: Fly out, F9 (Flyball, 9D, EV 101.9 MPH)
|
Batting: RHB Rick Ellis
|
0-0: Ball 1-0: Ball 2-0: Ball 3-0: Called Strike 3-1: Swinging Strike 3-2: Strikes out swinging Brian Butler is caught stealing 2nd base 2-4 Batter strikes out.
|
Top of the 5th over - 0 runs, 0 hits, 0 errors, 0 left on base; Clinton 3 - Lexington 1 |
BOTTOM OF THE 5TH |
Lexington Legends batting - Pitching for Clinton LumberKings : RHP Jake Underhill
|
Batting: SHB Jason Anaya
|
0-0: Called Strike 0-1: Foul Ball, location: 2F 0-2: Foul Ball, location: 2F 0-2: Ball 1-2: Strikes out swinging
|
Batting: RHB Danny Weisse
|
0-0: Fly out, F9 (Flyball, 9D, EV 108.1 MPH)
|
Batting: RHB Justin Bonner
|
0-0: Ball 1-0: Ball 2-0: Fly out, F9 (Flyball, 9S, EV 86.2 MPH)
|
Bottom of the 5th over - 0 runs, 0 hits, 0 errors, 0 left on base; Clinton 3 - Lexington 1 |
TOP OF THE 6TH |
Clinton LumberKings batting - Pitching for Lexington Legends : RHP Austin Aubuchon
|
Batting: LHB Jason Hopkins
|
0-0: Ball 1-0: Swinging Strike 1-1: Ball 2-1: Swinging Strike 2-2: Strikes out swinging
|
Batting: RHB Josh Ruhl
|
0-0: Called Strike 0-1: Ball 1-1: Ball 2-1: Ground out 5-3 (Groundball, 56, EV 104.4 MPH)
|
Batting: LHB Jawad Fahad
|
0-0: Ball 1-0: Ball 2-0: Ground out U3 (Groundball, 34, EV 96.9 MPH)
|
Top of the 6th over - 0 runs, 0 hits, 0 errors, 0 left on base; Clinton 3 - Lexington 1 |
BOTTOM OF THE 6TH |
Lexington Legends batting - Pitching for Clinton LumberKings : RHP Jake Underhill
|
Batting: RHB Kevin Roseen
|
0-0: Swinging Strike 0-1: Foul Ball, location: 2F 0-2: Ground out U3 (Groundball, 34S, EV 80.0 MPH)
|
Batting: SHB Jared O'Connor
|
0-0: Ball 1-0: DOUBLE (Line Drive, 9LD, EV 105.0 MPH)
|
Batting: RHB Alex Cid
|
0-0: Ball Jared O'Connor steals 3rd base 1-0: Ball 2-0: Called Strike 2-1: Ground out U3 (Groundball, 34S, EV 89.4 MPH) Jared O'Connor scores
|
Batting: RHB Josh Martin
|
0-0: Ball 1-0: Ball 2-0: Called Strike 2-1: Foul Ball, location: 2F 2-2: Strikes out swinging
|
Bottom of the 6th over - 1 run, 1 hit, 0 errors, 0 left on base; Clinton 3 - Lexington 2 |
TOP OF THE 7TH |
Clinton LumberKings batting - Pitching for Lexington Legends : RHP Austin Aubuchon
|
Pitching: RHP Alex Sanders
|
|
Batting: RHB Joe Stading
|
0-0: Foul Ball, location: 2F 0-1: Foul Ball, location: 2F 0-2: Strikes out looking
|
Batting: RHB Salvador Avina
|
0-0: Called Strike 0-1: Ball 1-1: Called Strike 1-2: Ball 2-2: Ball 3-2: Foul Ball, location: 2F 3-2: Foul Ball, location: 2F 3-2: Strikes out swinging
|
Batting: LHB Leão Alvide
|
0-0: Called Strike 0-1: Fly out, F7 (Flyball, 78M, EV 98.1 MPH)
|
Top of the 7th over - 0 runs, 0 hits, 0 errors, 0 left on base; Clinton 3 - Lexington 2 |
BOTTOM OF THE 7TH |
Lexington Legends batting - Pitching for Clinton LumberKings : RHP Jake Underhill
|
Batting: LHB Josh Moore
|
0-0: Called Strike 0-1: Ground out 4-3 (Groundball, 34D, EV 97.5 MPH)
|
Pinch Hitting: LHB Robby Diaz
|
0-0: Foul Ball, location: 2F 0-1: Fly out, F9 (Flyball, 89S, EV 84.4 MPH)
|
Batting: SHB Jason Anaya
|
0-0: Ball 1-0: Fly out, F9 (Flyball, 9LM, EV 93.8 MPH)
|
Bottom of the 7th over - 0 runs, 0 hits, 0 errors, 0 left on base; Clinton 3 - Lexington 2 |
TOP OF THE 8TH |
Clinton LumberKings batting - Pitching for Lexington Legends : RHP Alex Sanders
|
Now at 2B: Matt Tittle
|
|
Now at SS: Justin Bonner
|
|
Batting: LHB Brian Butler
|
0-0: Ball 1-0: Swinging Strike 1-1: Foul Ball, location: 2F 1-2: Ground out 6-3 (Groundball, 6, EV 104.4 MPH)
|
Batting: SHB Jose Castillo
|
0-0: Ball 1-0: Ball 2-0: Called Strike 2-1: Swinging Strike 2-2: Strikes out swinging
|
Batting: RHB Rick Ellis
|
0-0: Foul Ball, location: 2F 0-1: Swinging Strike 0-2: Ball 1-2: Ball 2-2: Strikes out swinging
|
Top of the 8th over - 0 runs, 0 hits, 0 errors, 0 left on base; Clinton 3 - Lexington 2 |
BOTTOM OF THE 8TH |
Lexington Legends batting - Pitching for Clinton LumberKings : RHP Jake Underhill
|
Batting: RHB Danny Weisse
|
0-0: Ball 1-0: Ball 2-0: DOUBLE (Groundball, 3D, EV 102.5 MPH)
|
Pitching: RHP David Lane
|
|
Pinch Runner at 2nd Ho-win Zhou:
|
|
Batting: RHB Justin Bonner
|
0-0: Sac Bunt to 23 - play at first, batter OUT! 3-4 Ho-win Zhou to third
|
Batting: RHB Kevin Roseen
|
0-0: Called Strike 0-1: Ball 1-1: Ball 2-1: Called Strike 2-2: Ball 3-2: Base on Balls
|
Batting: SHB Jared O'Connor
|
0-0: Called Strike 0-1: Foul Ball, location: 2F 0-2: Ball 1-2: Foul Ball, location: 2F 1-2: Ball 2-2: Foul Ball, location: 2F 2-2: Foul Ball, location: 2F 2-2: Foul Ball, location: 2F 2-2: Foul Ball, location: 2F 2-2: Ball 3-2: Foul Ball, location: 2F 3-2: Foul Ball, location: 2F 3-2: SINGLE (Groundball, 25, EV 70.6 MPH) (infield hit) Kevin Roseen to second
|
Batting: RHB Alex Cid
|
0-0: Called Strike 0-1: Ball 1-1: Foul Ball, location: 2F 1-2: Ball 2-2: Strikes out swinging
|
Batting: RHB Josh Martin
|
0-0: Swinging Strike 0-1: Ball 1-1: Ball 2-1: Ball 3-1: Foul Ball, location: 2F 3-2: Foul Ball, location: 2F 3-2: Foul Ball, location: 2F 3-2: Base on Balls Ho-win Zhou scores Kevin Roseen to third Jared O'Connor to second
|
Batting: LHB Josh Moore
|
0-0: Ball 1-0: Ball 2-0: Fly out, F9 (Flyball, 89XD, EV 98.1 MPH)
|
Bottom of the 8th over - 1 run, 2 hits, 0 errors, 3 left on base; Clinton 3 - Lexington 3 |
TOP OF THE 9TH |
Clinton LumberKings batting - Pitching for Lexington Legends : RHP Alex Sanders
|
Pitching: LHP Ken Milhouse
|
|
Now in CF: Ho-win Zhou
|
|
Batting: LHB Jason Hopkins
|
0-0: SINGLE (Groundball, 5S, EV 73.1 MPH) (infield hit)
|
Batting: RHB Josh Ruhl
|
0-0: Ball 1-0: Ball Wild Pitch! Jason Hopkins to second 2-0: Intentional Walk
|
Batting: LHB Jawad Fahad
|
0-0: Called Strike 0-1: Ball 1-1: Ball 2-1: Ball 3-1: Swinging Strike 3-2: Base on Balls Jason Hopkins to third Josh Ruhl to second
|
Batting: RHB Joe Stading
|
0-0: Ball 1-0: Ball 2-0: Called Strike 2-1: Ball 3-1: DOUBLE (Groundball, 3L, EV 98.1 MPH) Jason Hopkins scores Josh Ruhl scores Jawad Fahad to third Runner from 3rd tries for Home, throw by RF and OUT! 9-4-2 Joe Stading to third
|
Batting: RHB Salvador Avina
|
0-0: Intentional Walk
|
Batting: LHB Leão Alvide
|
0-0: Ball 1-0: Swinging Strike 1-1: Ball 2-1: Foul Ball, location: 2F 2-2: Ground out 6-3 (Groundball, 56, EV 101.9 MPH) Joe Stading scores Salvador Avina to second
|
Pitching: RHP Terry Romaine
|
|
Batting: LHB Brian Butler
|
0-0: Called Strike 0-1: Foul Ball, location: 2F 0-2: Ground out 3-1 (Groundball, 34S, EV 90.0 MPH)
|
Top of the 9th over - 3 runs, 2 hits, 0 errors, 1 left on base; Clinton 6 - Lexington 3 |
BOTTOM OF THE 9TH |
Lexington Legends batting - Pitching for Clinton LumberKings : RHP David Lane
|
Pitching: RHP Adam Fair
|
|
Batting: RHB Matt Tittle
|
0-0: SINGLE (Line Drive, 34D, EV 105.6 MPH)
|
Batting: SHB Jason Anaya
|
0-0: Ball 1-0: Called Strike 1-1: Ball 2-1: Ball 3-1: Foul Ball, location: 2F 3-2: Strikes out looking
|
Batting: LHB Ho-win Zhou
|
0-0: 2-RUN HOME RUN (Flyball, 89XD, EV 97.5 MPH), Distance : 401 ft
|
Batting: RHB Justin Bonner
|
0-0: Ball 1-0: Ball 2-0: Ball 3-0: Called Strike 3-1: Fly out, F4 (Popup, 3S, EV 80.6 MPH)
|
Batting: RHB Kevin Roseen
|
0-0: Ball 1-0: Ball 2-0: Ball 3-0: Called Strike 3-1: Foul Ball, location: 2F 3-2: Base on Balls
|
Pitching: LHP Rentaro Minami
|
|
Now in LF: Josh Mauer
|
|
Batting: SHB Jared O'Connor
|
0-0: Ball 1-0: Foul Ball, location: 2F 1-1: Foul Ball, location: 2F 1-2: SINGLE (Groundball, 6MD, EV 97.5 MPH) Kevin Roseen to second Runner from 2nd tries for 3rd, SAFE, throw by CF made at trailing runner, OUT! 8-4
|
Bottom of the 9th over - 2 runs, 3 hits, 0 errors, 1 left on base; Clinton 6 - Lexington 5 |
|